 Dungeon Crawl Stone Soup version 0.12.2-24-gbfbc01a (webtiles) character file.

714 Gabry the Ducker (level 7, -1/68 HPs)
             Began as a Troll Fighter on Sept 6, 2013.
             Slain by a mummy (14 damage)
             ... in an ossuary.
             The game lasted 00:23:00 (3551 turns).

Gabry the Ducker (Troll Fighter)                    Turns: 3551, Time: 00:23:00

HP  -1/68        AC 14     Str 25      XL: 7   Next:  6%
MP   2/2         EV 10     Int  4      God:
Gold 171         SH 19     Dex 11      Spells:  0 memorised,  6 levels left

Res.Fire  : . . .   See Invis. : .   r - +2,+4 elf dagger (protect)
Res.Cold  : . . .   Warding    : .   t - +0 elf robe
Life Prot.: . . .   Conserve   : .   c - +0 shield
Res.Poison: .       Res.Corr.  : .   (helmet restricted)
Res.Elec. : .       Clarity    : .   (no cloak)
Sust.Abil.: . .     Spirit.Shd : .   (gloves unavailable)
Res.Mut.  : .       Stasis     : .   (boots unavailable)
Res.Rott. : .       Ctrl.Telep.: .   (no amulet)
Gourmand  : +       Flight     : .   (no ring)
                                     n - +4 ring of protection

@: slightly resistant to hostile enchantments, unstealthy
A: unfitting armour, claws 3, fast metabolism 3, gourmand, regeneration 2,
saprovore 2, tough skin 2, AC +1
a: no special abilities


You were in an ossuary.
You were not hungry.

You visited 1 branch of the dungeon, and saw 5 of its levels.
You also visited: Ossuary.

You collected 151 gold pieces.

Inventory:

Hand weapons
 a - a +1,+3 dwarven mace
 k - a cursed +0,+0 dagger (quivered)
 r - a +2,+4 elven dagger of protection (weapon)
 v - a +1,+3 orcish mace of protection
Armour
 c - a +0 shield (worn)
 t - a +0 elven robe (worn)
Comestibles
 d - 2 meat rations
 z - a bread ration
Scrolls
 b - a scroll of blinking {unknown}
 h - 2 scrolls of identify
 j - 3 scrolls of remove curse
 w - a scroll of recharging {unknown}
 x - a scroll of teleportation
Jewellery
 n - a +4 ring of protection (left claw)
Potions
 e - a potion of brilliance {unknown}
 f - 2 potions of flight {unknown}
 g - a potion of degeneration {unknown}
 i - a potion of blood {unknown}
 l - a potion of resistance {unknown}
 m - a potion of magic {unknown}
 o - a potion of agility {unknown}
 p - 3 potions of poison {unknown}
 q - a potion of mutation {unknown}
 s - 3 potions of curing
 u - a potion of slowing {unknown}


   Skills:
 + Level 2.9 Fighting
 * Level 2.4 Short Blades
 - Level 2.0 Maces & Flails
 + Level 5.0 Dodging
 + Level 0.6 Stealth
 + Level 0.1 Stabbing
 + Level 4.1 Shields
 + Level 0.2 Traps


You had 6 spell levels left.
You didn't know any spells.

Dungeon Overview and Level Annotations

Branches:
Dungeon (5/27)
 Temple: D:4-7

Altars:
Elyvilon
Sif Muna


Innate Abilities, Weirdness & Mutations

You are too large for most types of armour.
You have claws for hands.
Your metabolism is lightning-fast.
You like to eat raw meat.
You heal very quickly.
You can eat rotten meat.
You are covered in fur (AC +1).
You have very tough skin (AC +2).


Message History

The mummy hits you. The mummy hits you!
You hit the mummy but do no damage.
The mummy is lightly damaged.
The mummy hits you. You block the orc zombie's attack.
You hit the mummy.
The mummy is moderately damaged.
You block the mummy's attack. The mummy hits you!
* * * LOW HITPOINT WARNING * * *
You hit the mummy but do no damage.
The mummy is moderately damaged.
You block the mummy's attack.
You hit the mummy but do no damage.
The mummy is moderately damaged.
You block the mummy's attack.
The hobgoblin zombie hits you but does no damage.
Unknown command.
You hit the mummy.
The mummy is heavily damaged.
You block the mummy's attack. The mummy hits you!
You die...

### .. ##..##
...
.##....##....
...............
..............#
.............
#....zMz.#
#...M@.#
##..MM## #....#
#....# #....#
#....# #....#
#....# #....#


You could see 4 mummies, a hobgoblin zombie and an orc zombie.

Vanquished Creatures
  An ogre (D:5)
  A water moccasin skeleton (D:5)
  A crimson imp (D:5)
  A hound (D:5)
  3 orc priests (D:4)
  An orc wizard (D:2)
  A mummy (Ossuary)
  11 gnolls
  11 adders
  3 giant mites
  A giant eyeball (D:4)
  6 giant geckos
  2 oozes
  11 orcs
  2 ball pythons
  6 giant cockroaches
  6 goblins
  7 hobgoblins
  11 bats
  7 giant newts
  3 hobgoblin zombies (Ossuary)
  2 jackals (D:3)
  11 kobolds
  A kobold zombie (Ossuary)
  An orc zombie (Ossuary)
  3 quokkas
  6 rats
120 creatures vanquished.

Vanquished Creatures (others)
  A worker ant (D:4)
  An adder (D:2)
  2 goblins (D:4)
  A hobgoblin (D:3)
  A giant newt (D:5)
  A kobold (D:1)
7 creatures vanquished.

Grand Total: 127 creatures vanquished

Notes
Turn   | Place    | Note
--------------------------------------------------------------
     0 | D:1      | Gabry, the Troll Fighter, began the quest for the Orb.
     0 | D:1      | Reached XP level 1. HP: 23/23 MP: 0/0
   110 | D:1      | Reached XP level 2. HP: 31/31 MP: 0/0
   804 | D:2      | Reached XP level 3. HP: 31/37 MP: 1/1
   978 | D:2      | Reached skill level 3 in Dodging
  1321 | D:2      | Reached XP level 4. HP: 22/46 MP: 1/1
  1431 | D:3      | Reached skill level 1 in Short Blades
  1558 | D:3      | Reached XP level 5. HP: 53/53 MP: 1/1
  1673 | D:3      | Found a deep blue altar of Sif Muna.
  2129 | D:3      | Reached skill level 4 in Dodging
  2304 | D:4      | Found a white marble altar of Elyvilon.
  2458 | D:4      | Reached XP level 6. HP: 62/62 MP: 2/2
  2780 | D:4      | Paralysed by a giant eyeball for 2 turns
  2788 | D:4      | Paralysed by a giant eyeball for 4 turns
  2792 | D:4      | Reached XP level 5. HP: 32/53 MP: 1/1
  2808 | D:4      | Reached XP level 6. HP: 44/62 MP: 2/2
  3169 | D:5      | Entered Level 5 of the Dungeon
  3475 | D:5      | Reached skill level 5 in Dodging
  3475 | D:5      | Reached XP level 7. HP: 68/68 MP: 2/2
  3500 | D:5      | Found a sand-covered staircase.
  3504 | Ossuary  | Entered an ossuary
  3551 | Ossuary  | Slain by a mummy

Action                   |  1- 3 |  4- 6 |  7- 9 || total
-------------------------+-------+-------+-------++-------
Melee: Mace              |   140 |       |       ||   140
       Dagger            |     9 |   554 |    32 ||   595
  Use: Scroll            |     2 |    12 |       ||    14
       Potion            |       |     1 |       ||     1
 Stab: Sleeping          |     1 |     1 |       ||     2
